 Dungeon Crawl Stone Soup version 0.24-a0-630-g0d56a85 (webtiles) character file.

Game seed: 14463665172101843041, levelgen mode: deterministic

809 BoppinsLewinski the Poker (level 7, -3/54 HPs)
             Began as a Demonspawn Gladiator on Sept 19, 2019.
             Was an Initiate of Makhleb.
             Slain by Duvessa
             ... wielding a +0 rapier
              (8 damage)
             ... on level 5 of the Dungeon.
             The game lasted 00:07:27 (2856 turns).

BoppinsLewinski the Poker (Demonspawn Gladiator)    Turns: 2856, Time: 00:07:28

Health: -3/54      AC:  7    Str: 16    XL:     7   Next: 61%
Magic:  8/8        EV: 16    Int:  9    God:    Makhleb [......]
Gold:   289        SH:  0    Dex: 15    Spells: 6/6 levels left

rFire    . . .     SeeInvis .   A - +0 scythe
rCold    . . .     Gourm    .   (shield currently unavailable)
rNeg     . . .     Faith    .   h - +0 ring mail
rPois    .         Spirit   .   c - +0 helmet
rElec    .         Reflect  .   (no cloak)
rCorr    .         Harm     .   (no gloves)
MR       .....                  l - +0 pair of boots
Stlth    +.........             (no amulet)
HPRegen  0.18/turn              z - +6 ring of slaying
MPRegen  0.11/turn              (no ring)

@: glowing
A: repulsion field 2, spiny 2
a: Renounce Religion


You were on level 5 of the Dungeon.
You worshipped Makhleb.
Makhleb was noncommittal.
You were not hungry.

You visited 2 branches of the dungeon, and saw 6 of its levels.

You collected 289 gold pieces.

Inventory:

Hand Weapons
 A - a +0 scythe (weapon)
Armour
 c - a +0 helmet (worn)
 h - a +0 ring mail (worn)
 l - a +0 pair of boots (worn)
Jewellery
 z - a +6 ring of slaying (left hand)
Scrolls
 b - 2 scrolls of teleportation {unknown}
 e - 3 scrolls of blinking {unknown}
 i - 3 scrolls of enchant armour {unknown}
 k - 3 scrolls of identify {unknown}
 o - 2 scrolls of magic mapping {unknown}
 p - 2 scrolls of immolation {unknown}
 q - a scroll of enchant weapon {unknown}
 s - a scroll of fear {unknown}
 t - a scroll of remove curse {unknown}
 v - a scroll of fog {unknown}
 w - 2 scrolls of amnesia {unknown}
 y - a scroll of noise {unknown}
Potions
 a - a potion of degeneration {unknown}
 g - a potion of berserk rage {unknown}
 j - 3 potions of lignification {unknown}
 m - 2 potions of curing {unknown}
 n - 4 potions of flight {unknown}
 r - a potion of ambrosia {unknown}
 u - 2 potions of haste {unknown}
 x - a potion of invisibility {unknown}
Comestibles
 f - 10 rations


   Skills:
 + Level 4.0 Fighting
 * Level 5.1 Polearms
 + Level 3.4 Throwing
 + Level 2.7 Armour
 + Level 4.0 Dodging
 + Level 2.3 Invocations


You had 6 spell levels left.
You didn't know any spells.
Your spell library was empty.

Dungeon Overview and Level Annotations

Branches:
Dungeon (5/15)             Temple (1/1) D:4

Altars:
Makhleb

Shops:
D:5 %

Annotations:
D:5 Duvessa


Innate Abilities, Weirdness & Mutations

You are surrounded by a moderate repulsion field. (EV +3)
You are mostly covered in sharp spines.


Message History

Duvessa hits ye wit' a +0 rapier.
Dowan casts a spell at ye.
Ye be outlin'd in light.
Ye hit Dowan.
Dowan be almost dead.
Duvessa be struck by yer spines.
Duvessa hits ye wit' a +0 rapier!
Dowan casts a spell at ye.
Tha puff o' frost hits ye.
Ye slash Dowan!
Ye kill Dowan!
Makhleb accepts yer kill.
Duvessa screams, "Nay!
How DARE ye!"
Duvessa goes berserk!
Yer Fightin' skill increases ta level 4!
Duvessa be struck by yer spines.
Duvessa hits ye wit' a +0 rapier!
* * * LOW HITPOINT WARNIN'
* * * Duvessa hits ye wit' a +0 rapier!
* * * LOW HITPOINT WARNIN'
* * * Duvessa hits ye wit' a +0 rapier!
Ye die...

........#.#.###.
#.....#.#.#.#
............##
.#....###....# ##+###
#........∩..######......
#.#####.................
.. .....................
...#####....<)........
.. ..........@........ .
...........e.##+##
############.# .(. .##.#
.# # e# .# e#


You could see Duvessa (berserk).

Vanquished Creatures
  Sigmund (D:4)
  An ice beast (D:5)
  2 phantoms
  Dowan (D:5)
  An orc wizard (D:4)
  A hound (D:4)
  An iguana (D:4)
  3 worker ants
  3 gnolls (D:5)
  4 adders
  4 worms
  3 dart slugs
  5 leopard geckos
  3 orcs (D:4)
  4 giant cockroaches
  6 goblins
  12 hobgoblins
  8 jackals
  4 quokkas
  4 ball pythons
  5 bats
  7 frilled lizards
  7 kobolds
  A quokka skeleton (D:4)
  5 rats
96 creatures vanquished.

Notes
Turn   | Place    | Note
-------+----------+-------------------------------------------
     0 | D:1      | BoppinsLewinski the Demonspawn Gladiator began the quest
                  | for the Orb.
     0 | D:1      | Reached XP level 1. HP: 16/16 MP: 1/1
    70 | D:1      | Gained mutation: You are surrounded by a mild repulsion
                  | field. (EV +2) [demonic ancestry]
    70 | D:1      | Reached XP level 2. HP: 21/22 MP: 2/2
   127 | D:1      | Reached skill level 3 in Polearms
   486 | D:2      | Gained mutation: You are surrounded by a moderate repulsion
                  | field. (EV +3) [demonic ancestry]
   486 | D:2      | Reached XP level 3. HP: 28/28 MP: 3/3
   723 | D:2      | Reached skill level 1 in Armour
   959 | D:2      | Gained mutation: You are partially covered in sharp spines.
                  | [demonic ancestry]
   959 | D:2      | Reached XP level 4. HP: 27/34 MP: 4/4
  1528 | D:4      | Gained mutation: You are mostly covered in sharp spines.
                  | [demonic ancestry]
  1528 | D:4      | Reached XP level 5. HP: 37/40 MP: 5/5
  1580 | D:4      | Noticed Sigmund
  1597 | D:4      | Killed Sigmund
  1597 | D:4      | Reached skill level 4 in Polearms
  1597 | D:4      | Reached XP level 6. HP: 38/47 MP: 6/6
  1930 | D:4      | Found a staircase to the Ecumenical Temple.
  1935 | Temple   | Entered the Ecumenical Temple
  1954 | Temple   | Became a worshipper of Makhleb the Destroyer
  2136 | D:4      | Reached skill level 1 in Invocations
  2501 | D:4      | Reached XP level 7. HP: 52/52 MP: 7/7
  2539 | D:5      | Entered Level 5 of the Dungeon
  2646 | D:5      | Reached skill level 5 in Polearms
  2829 | D:5      | Found Necy's Food Boutique.
  2843 | D:5      | Noticed Dowan
  2843 | D:5      | Noticed Duvessa
  2856 | D:5      | Killed Dowan
  2856 | D:5      | Slain by Duvessa

Levels and vault maps discovered:
D:1:      giann_forest_graveyard, layout_rooms
D:2:      layout_rooms, first_ration, minmay_joined_circles
D:3:      layout_rooms, minmay_fractal_squares_gapless_5
D:4:      layout_loops_corners, temple_doors_e, minmay_close_crescents,
          uniq_sigmund
D:5:      layout_basic, serial_shops, shop, uniq_duvessa
Temple:   nicolae_temple_figure_eight

Skill      XL: |  1  2  3  4  5  6  7 |
---------------+----------------------+-----
Polearms       | 3 4 5 |  5.1
Throwing       | 2 3 |  3.4
Dodging        | 3 4 |  4.0
Armour         | 1 2 |  2.7
Fighting       | 3 4 |  4.0
Invocations    | 1 2 |  2.3

Action                   |  1- 3 |  4- 6 |  7- 9 || total
-------------------------+-------+-------+-------++-------
Melee: Trident           |   137 |    83 |       ||   220
       Scythe            |       |    40 |    36 ||    76
Throw: Throwing net      |       |     2 |     2 ||     4
  Eat: Chunk             |       |     3 |       ||     3
       Ration            |       |     1 |       ||     1
Armor: Leather armour    |     2 |       |       ||     2
       Ring mail         |    27 |    22 |     9 ||    58
Dodge: Dodged            |    92 |    73 |    16 ||   181

Table legend:
 A = Non-vault XP
 B = Vault XP
 C = Vault XP percentage of total XP
 D = Non-vault monster count
 E = Vault monster count
 F = Vault count percentage of total count
                 A         B        C        D         E       F
            +---------+---------+-------+---------+---------+-------
      Total |     810 |     346 |  29.9 |      79 |      17 |  17.7
            +---------+---------+-------+---------+---------+-------
        D:1 |      36 |       0 |   0.0 |      19 |       0 |   0.0
        D:2 |      52 |      25 |  32.5 |      16 |      10 |  38.5
        D:3 |      43 |       6 |  12.2 |      21 |       3 |  12.5
        D:4 |     345 |     246 |  41.6 |      16 |       3 |  15.8
        D:5 |     334 |      69 |  17.1 |       7 |       1 |  12.5
            +---------+---------+-------+---------+---------+-------
